Map: Lerilak Crest

Players

Solar

  • Race: Zerg Zerg
  • League: Diamond

PartinG - Winner!

  • Race: Protoss Protoss
  • League: Platinum

Event: DreamHack ROCCAT LotV Championship

VOD

Have the link to the VOD?

Description

Time

  • Played on: Nov. 28, 2015, 2:44 p.m.
  • Length: 15:04

All games in this series

Show
View Real Time Build Order
Export as new Build Order

Solar Zerg 

Build Orders: Pool First, Lurkers 

Get SALT Encoding   

  12  0:01  Drone  
  13  0:14  Extractor  
  12  0:23  Spawning Pool  
  12  0:28  Drone  
  12  0:32  Drone  
  13  0:38  Drone  
  14  0:49  Overlord  
  14  1:10  Zergling x4  
  14  1:11  Zergling x2  
  17  1:15  Metabolic Boost  
  17  1:24  Queen  
  19  1:29  Zergling x2  
  20  1:33  Drone  
  21  1:44  Drone  
  22  2:00  Overlord  
  22  2:19  Drone x2  
  24  2:27  Drone  
  25  2:37  Hatchery  
  25  2:38  Drone  
  25  2:41  Evolution Chamber, Drone x3  
  27  2:52  Overlord  
  26  3:05  Hatchery  
  26  3:07  Drone  
  26  3:12  Spore Crawler  
  26  3:14  Drone  
  27  3:20  Drone x2  
  27  3:26  Queen  
  31  3:31  Drone  
  32  3:40  Drone  
  33  3:45  Zergling x2  
  33  3:50  Spore Crawler, Drone  
  33  3:52  Drone x3  
  36  4:00  Drone  
  37  4:03  Overlord  
  35  4:11  Drone  
  35  4:16  Queen  
  37  4:19  Drone x3  
  37  4:23  Drone  
  41  4:27  Drone  
  41  4:29  Drone  
  43  4:32  Drone x2  
  43  4:35  Drone  
  43  4:36  Drone  
  47  4:40  Spore Crawler  
  47  4:41  Drone  
  47  4:46  Drone x2  
  47  4:48  Drone  
  47  4:50  Drone  
  47  4:51  Drone  
  52  4:53  Extractor  
  52  4:56  Overlord  
  52  4:58  Drone x2  
  53  5:00  Drone  
  53  5:02  Drone  
  53  5:03  Zergling x2  
  53  5:05  Zergling x2  
  55  5:10  Zergling x2  
  55  5:11  Drone x2  
  57  5:14  Overlord  
  57  5:16  Drone x2  
  57  5:20  Drone  
  59  5:24  Roach Warren  
  59  5:25  Drone  
  59  5:26  Drone  
  60  5:28  Extractor  
  60  5:30  Drone  
  60  5:33  Drone x2  
  60  5:35  Drone  
  62  5:37  Drone  
  62  5:38  Overlord  
  63  5:43  Queen  
  63  5:47  Drone, Overlord  
  66  5:50  Queen  
  68  5:57  Overlord  
  68  6:04  Roach x5  
  77  6:06  Roach x2  
  77  6:10  Zergling x6  
  84  6:12  Roach  
  84  6:16  Lair  
  84  6:17  Roach  
  84  6:21  Zergling x2  
  84  6:22  Zergling x4  
  86  6:25  Zergling x2  
  86  6:27  Zergling x2  
  86  6:30  Zergling x8  
  92  6:34  Drone  
  92  6:35  Drone  
  92  6:41  Drone  
  92  6:42  Drone  
  93  6:49  Drone  
  93  6:51  Overlord  
  93  6:53  Extractor  
  93  6:54  Drone  
  93  6:57  Drone  
  93  7:00  Extractor  
  91  7:01  Drone  
  91  7:04  Drone x2  
  91  7:05  Drone x2  
  96  7:09  Drone  
  96  7:10  Extractor  
  96  7:13  Overlord  
  96  7:14  Drone, Glial Reconstitution  
  97  7:16  Spire  
  97  7:19  Roach  
  97  7:20  Overseer, Roach x3  
  97  7:22  Overlord x3  
  104  7:26  Drone  
  104  7:29  Overlord  
  105  7:30  Drone  
  106  7:38  Zergling x8  
  109  7:45  Drone  
  109  7:47  Drone x2  
  109  7:48  Drone  
  109  7:49  Overlord  
  109  7:50  Zergling x4  
  115  7:52  Evolution Chamber  
  115  7:56  Hatchery, Drone  
  114  8:00  Drone  
  114  8:01  Drone  
  116  8:06  Hydralisk Den  
  114  8:23  Zerg Missile Weapons Level 1  
  114  8:27  Overlord  
  113  8:28  Roach  
  113  8:29  Roach x12  
  113  8:32  Overlord  
  113  8:34  Lurker Den, Roach  
  141  8:41  Roach x2  
  141  8:44  Overlord  
  141  8:48  Roach x2  
  147  8:49  Zergling x2  
  147  8:50  Zergling x2  
  147  8:51  Zergling x6  
  152  8:58  Hydralisk x2  
  152  9:02  Hydralisk  
  156  9:04  Ravager x8  
  156  9:08  Overlord, Hydralisk x2  
  170  9:15  Hydralisk  
  171  9:20  Queen  
  171  9:21  Drone x3, Extractor, Spore Crawler  
  171  9:23  Drone  
  175  9:24  Extractor  
  175  9:25  Drone x2, Hydralisk x2  
  175  9:29  Overseer  
  179  9:34  Drone  
  179  9:35  Hydralisk x2  
  179  9:37  Overlord  
  183  9:42  Overlord  
  182  9:47  Zergling x2  
  182  9:48  Zergling x2  
  182  9:52  Overlord  
  184  9:54  Overlord  
  184  9:57  Zergling x2  
  184  9:58  Zergling x14  
  191  10:03  Zergling x12  
  192  10:07  Muscular Augments  
  191  10:16  Drone x3  
  194  10:23  Lurker  
  194  10:24  Lurker x5  
  200  10:32  Lurker x4  
  200  10:33  Hydralisk x2  
  200  10:34  Hydralisk x2  
  195  10:44  Drone x3  
  195  10:46  Drone x2  
  195  10:48  Hydralisk  
  200  10:52  Zerg Missile Weapons Level 2  
  200  10:54  Infestation Pit  
  199  11:05  Overseer x2  
  194  11:29  Hydralisk x6  
  194  11:31  Hydralisk  
  199  11:36  Hydralisk x2  
  196  11:41  Roach  
  196  11:42  Roach  
  196  11:45  Hydralisk  
  196  11:46  Hydralisk x2  
  188  11:49  Hydralisk x10  
  188  11:52  Roach  
  193  11:55  Roach x3  
  193  12:00  Roach x4  
  197  12:04  Overlord x2  
  197  12:05  Overlord  
  189  12:09  Overlord  
  189  12:12  Overlord  
  189  12:13  Overlord  
  183  12:15  Overlord  
  183  12:19  Overlord  
  183  12:24  Lurker x6  
  189  12:32  Roach x3  
  189  12:33  Roach  
  189  12:34  Ravager  
  198  12:41  Overseer x2  
  198  12:49  Roach x6  
  166  12:54  Hydralisk x3  
  154  13:02  Roach x3  
  154  13:03  Roach  
  162  13:07  Hydralisk x2  
  162  13:12  Lurker  
  167  13:13  Lurker x3  
  168  13:20  Roach x2  
  168  13:21  Roach  
  168  13:25  Roach x3  
  180  13:27  Roach x3  
  180  13:29  Roach  
  180  13:30  Roach  
  186  13:38  Roach x4  
  186  13:39  Roach  
  196  13:42  Roach x2  
  196  13:46  Roach  
  199  13:55  Roach x3  
  193  14:03  Roach x3  
  189  14:10  Overseer x2  
  189  14:11  Hydralisk x3  
  189  14:13  Lurker  
  189  14:16  Roach x3  
  190  14:21  Roach x4  
  187  14:25  Overseer x2  
  180  14:32  Hydralisk  
  180  14:33  Hydralisk x2  
  180  14:36  Hydralisk  
  169  14:39  Hydralisk x2  
Show
View Real Time Build Order
Export as new Build Order

PartinG Protoss - Winner!

Build Orders: Oracle Opening 

Get SALT Encoding   

  12  0:01  Probe (Chrono Boost)  
  13  0:11  Probe (Chrono Boost)  
  14  0:19  Pylon  
  14  0:22  Probe (Chrono Boost)  
  15  0:37  Probe (Chrono Boost)  
  16  0:47  Probe (Chrono Boost)  
  17  0:56  Gateway  
  17  0:58  Assimilator x2  
  17  0:59  Probe (Chrono Boost)  
  18  1:10  Probe (Chrono Boost)  
  19  1:12  Gateway  
  19  1:20  Probe (Chrono Boost)  
  19  1:23  Pylon  
  20  1:31  Probe (Chrono Boost)  
  21  1:42  Zealot (Chrono Boost)  
  21  1:44  Cybernetics Core  
  21  1:46  Probe  
  24  1:57  Pylon  
  24  1:59  Probe  
  25  2:11  Probe  
  25  2:14  Pylon  
  26  2:21  Warp Gate  
  30  2:23  Adept (Chrono Boost)  
  30  2:30  Stargate  
  30  2:33  Stalker (Chrono Boost)  
  30  2:36  Probe  
  31  2:39  Pylon  
  30  2:49  Probe  
  31  3:01  Adept (Chrono Boost)  
  31  3:03  Adept (Chrono Boost)  
  35  3:06  Probe  
  35  3:11  Pylon  
  36  3:13  Oracle (Chrono Boost)  
  39  3:21  Pylon  
  39  3:29  Probe  
  40  3:45  Nexus  
  40  3:51  Mothership Core (Chrono Boost)  
  42  4:00  Pylon  
  42  4:09  Probe (Chrono Boost)  
  43  4:10  Oracle (Chrono Boost)  
  46  4:21  Probe, Robotics Facility  
  47  4:33  Probe (Chrono Boost)  
  48  4:38  Pylon  
  48  4:45  Probe (Chrono Boost)  
  49  4:56  Probe (Chrono Boost)  
  49  4:57  Probe (Chrono Boost)  
  51  5:03  Forge  
  52  5:07  Probe (Chrono Boost), Gateway  
  52  5:09  Probe (Chrono Boost)  
  53  5:17  Probe (Chrono Boost)  
  53  5:20  Probe (Chrono Boost), Assimilator  
  55  5:22  Observer  
  55  5:23  Pylon  
  55  5:24  Assimilator  
  55  5:28  Probe (Chrono Boost)  
  57  5:30  Robotics Bay  
  57  5:33  Probe (Chrono Boost)  
  58  5:38  Probe (Chrono Boost), Pylon  
  59  5:43  Probe (Chrono Boost)  
  59  5:49  Probe (Chrono Boost)  
  61  5:50  Adept x2  
  61  5:54  Probe (Chrono Boost)  
  66  5:58  Probe (Chrono Boost)  
  66  6:02  Warp Prism (Chrono Boost)  
  69  6:05  Photon Cannon  
  69  6:11  Probe  
  69  6:13  Probe  
  69  6:15  Adept  
  73  6:25  Probe  
  73  6:26  Gravitic Drive  
  72  6:33  Disruptor (Chrono Boost)  
  71  6:47  Sentry, Adept  
  75  6:59  Adept  
  77  7:04  Probe, Disruptor (Chrono Boost), Protoss Ground Weapons Level 1  
  77  7:05  Probe  
  77  7:06  Twilight Council  
  82  7:10  Pylon  
  82  7:17  Probe  
  82  7:18  Probe  
  84  7:29  Probe  
  84  7:30  Probe  
  84  7:32  Gateway  
  84  7:33  Gateway  
  84  7:36  Nexus, Pylon  
  86  7:39  Pylon  
  86  7:41  Disruptor (Chrono Boost)  
  86  7:47  Probe  
  86  7:48  Probe  
  86  7:49  Stalker x3  
  97  7:53  Phoenix  
  97  7:56  Blink (Chrono Boost)  
  96  8:10  Probe x2  
  96  8:11  Photon Cannon  
  98  8:15  Pylon  
  98  8:22  Phoenix  
  100  8:27  Stalker x3  
  100  8:28  Disruptor  
  100  8:33  Probe x2  
  111  8:34  Stalker  
  113  8:45  Assimilator  
  115  8:49  Assimilator  
  115  8:55  Pylon  
  115  9:00  Sentry x3  
  115  9:02  Disruptor  
  119  9:04  Stalker x2  
  126  9:11  Probe  
  126  9:12  Probe  
  126  9:13  Probe  
  129  9:21  Protoss Ground Weapons Level 2 (Chrono Boost)  
  129  9:30  Stalker x3  
  135  9:31  Probe  
  135  9:32  Probe  
  135  9:34  Probe  
  138  9:44  Probe  
  139  9:46  Gateway x2  
  139  9:47  Observer  
  140  9:53  Probe x2  
  140  9:56  Probe  
  140  9:58  Dark Shrine  
  143  10:00  Stalker x3  
  143  10:01  Stalker  
  150  10:12  Pylon  
  150  10:15  Disruptor  
  150  10:16  Stalker  
  155  10:22  Robotics Facility  
  154  10:48  Stalker x5  
  164  10:52  Pylon  
  164  10:54  Pylon  
  164  10:55  Pylon  
  164  10:56  Nexus  
  164  10:57  Pylon  
  164  10:58  Pylon  
  164  10:59  Pylon  
  164  11:01  Pylon  
  163  11:15  Stalker x3, Disruptor  
  169  11:20  Nexus  
  169  11:22  Pylon  
  167  11:29  Adept x4  
  149  11:48  Stalker x3  
  149  11:49  Probe x2  
  145  12:03  Disruptor  
  145  12:04  Stalker x4  
  146  12:17  Photon Cannon  
  146  12:18  Photon Cannon  
  146  12:20  Photon Cannon  
  146  12:22  Photon Cannon  
  146  12:29  Photon Cannon  
  146  12:30  Protoss Ground Weapons Level 3 (Chrono Boost)  
  146  12:38  Stalker x2  
  146  12:41  Observer  
  151  12:57  Stalker x5  
  158  12:59  Disruptor  
  159  13:11  Assimilator  
  159  13:13  Assimilator  
  149  13:31  Dark Templar x3  
  149  13:33  Stalker x4  
  143  13:58  Dark Templar x4  
  135  14:17  Stalker x3  
  135  14:19  Observer  
  142  14:38  Observer  
  140  14:41  Stalker x7  

Tags
 
Add a new tag
Caveats
  • Supply blocks, unpowered buildings, or Contaminate may cause inaccurate times.
  • Supply counts are checked every 10 seconds.